[Event "Team 45 45 League T90"]
[Site "Internet Chess Club"]
[Date "2021.10.27"]
[Round "4"]
[White "Kingofknights"]
[Black "mongmong"]
[Result "0-1"]
[WhiteElo "1516"]
[BlackElo "1522"]
[Opening "Nimzo-Indian: Reshevsky variation"]
[ECO "E46"]
[Time "18:00:21"]
[PlyCount "28"]
[TimeControl "2700+45"]

1. d4 e6 2. c4 Nf6 3. Nc3 Bb4 4. e3 O-O 5. Ne2 Re8 6. a3 Bf8 7. e4 d5 8. cxd5
exd5 9. e5 Nfd7 10. Nxd5 c5 11. Be3 cxd4 12. Bxd4 Nxe5 13. Bc3 Nbc6 14. Ne3 Nd3+
{White resigns} 0-1

[Event "Team 45 45 League T90"]
[Site "Internet Chess Club"]
[Date "2021.10.30"]
[Round "4"]
[White "julesraider"]
[Black "scostanzo212"]
[Result "0-1"]
[WhiteElo "1535"]
[BlackElo "1546"]
[Opening "Sicilian: Scheveningen, Keres attack"]
[ECO "B81"]
[Time "12:01:09"]
[PlyCount "62"]
[TimeControl "2700+45"]

1. e4 c5 2. Nf3 d6 3. d4 cxd4 4. Nxd4 Nf6 5. Nc3 e6 6. g4 h6 7. g5 hxg5 8. Bxg5
Be7 9. h4 a6 10. Bg2 Qc7 11. Qd2 Nc6 12. O-O-O Bd7 13. Kb1 Rc8 14. Nb3 b5 15.
Rhe1 Ne5 16. Qe2 b4 17. f4 bxc3 18. fxe5 dxe5 19. Bxf6 gxf6 20. h5 cxb2 21. Rh1
Bb5 22. Qf2 a5 23. Bf1 Bxf1 24. Rdxf1 a4 25. h6 axb3 26. cxb3 Ba3 27. Qd2 Qc6
28. Re1 Ke7 29. Qe2 Qc1+ 30. Rxc1 Rxc1+ 31. Rxc1 bxc1=Q# {White checkmated} 0-1

[Event "Team 45 45 League T90"]
[Site "Internet Chess Club"]
[Date "2021.11.01"]
[Round "4"]
[White "tightfist"]
[Black "Conjurer"]
[Result "1-0"]
[WhiteElo "1374"]
[BlackElo "1134"]
[Opening "Nimzovich-Larsen attack"]
[ECO "A01"]
[Time "17:04:38"]
[PlyCount "53"]
[TimeControl "2700+45"]

1. b3 g6 2. Bb2 Nf6 3. e4 Nc6 4. Nf3 Bg7 5. Bb5 O-O 6. d3 d6 7. h3 e5 8. O-O Be6
9. Bxc6 bxc6 10. Nc3 Nh5 11. Ne2 g5 12. g4 Nf6 13. Nxg5 Bxg4 14. hxg4 Nxg4 15.
Nf3 Qf6 16. Kg2 Qg6 17. Ng3 h5 18. Rh1 Nf6 19. Nh4 Qg5 20. Bc1 Qg4 21. Qxg4 hxg4
22. Nhf5 Nh7 23. Nxg7 Kxg7 24. Bh6+ Kg6 25. Bxf8 Nxf8 26. Rh8 Kg7 27. Rah1
{Black resigns} 1-0

[Event "Team 45 45 League T90"]
[Site "Internet Chess Club"]
[Date "2021.10.31"]
[Round "4"]
[White "MrAbendroth"]
[Black "fvafier"]
[Result "1-0"]
[WhiteElo "1687"]
[BlackElo "1507"]
[Opening "Sicilian: Canal-Sokolsky attack, 3...Bd7"]
[ECO "B52"]
[Time "12:00:20"]
[PlyCount "57"]
[TimeControl "2700+45"]

1. e4 c5 2. Nf3 d6 3. Bb5+ Bd7 4. Bxd7+ Qxd7 5. O-O Nf6 6. Re1 Nc6 7. c3 e5 8.
d3 Be7 9. Nbd2 O-O 10. Nf1 d5 11. Qe2 dxe4 12. dxe4 Rad8 13. Ng3 Qd3 14. Bg5
Qxe2 15. Rxe2 Rd7 16. Nf5 Rfd8 17. Nxe7+ Rxe7 18. Kf1 Red7 19. Ke1 c4 20. Nd2 b5
21. a4 Rb8 22. axb5 Rxb5 23. Nxc4 Ne8 24. Be3 f6 25. Rd2 Rxd2 26. Kxd2 Rb7 27.
Ra6 Rd7+ 28. Kc2 Nc7 29. Rxc6 {Black resigns} 1-0

[Event "Team 45 45 League T90"]
[Site "Internet Chess Club"]
[Date "2021.10.31"]
[Round "4"]
[White "manfredo"]
[Black "blind-warrior"]
[Result "1-0"]
[WhiteElo "1501"]
[BlackElo "1319"]
[Opening "Sicilian: closed"]
[ECO "B23"]
[Time "18:02:09"]
[PlyCount "85"]
[TimeControl "2700+45"]

1. e4 c5 2. Nc3 d6 3. f4 e6 4. Nf3 Nf6 5. Bb5+ Nc6 6. e5 Nd5 7. Nxd5 exd5 8. O-O
Be7 9. exd6 Qxd6 10. Ne5 O-O 11. Nxc6 bxc6 12. Be2 Bf5 13. Bg4 Bxg4 14. Qxg4 f5
15. Qf3 Rf6 16. b3 Rg6 17. Bb2 d4 18. Rae1 Rf8 19. Re2 Bh4 20. Qd3 Qd5 21. Qc4
Qxc4 22. bxc4 Bf6 23. d3 Rb8 24. Ba3 Bd8 25. Bxc5 Bb6 26. Bxb6 axb6 27. Rfe1 Rb7
28. Re8+ Kf7 29. Ra8 Re7 30. Rxe7+ Kxe7 31. Ra7+ Kd8 32. a4 c5 33. Kf2 Kc8 34.
h3 Kb8 35. Rf7 Kc8 36. Rxf5 Rf6 37. Rxf6 gxf6 38. g4 Kd7 39. Kf3 Ke6 40. Ke4 h5
41. f5+ Kd6 42. gxh5 Ke7 43. Kd5 {Black resigns} 1-0

[Event "Team 45 45 League T90"]
[Site "Internet Chess Club"]
[Date "2021.10.29"]
[Round "4"]
[White "Gilguli"]
[Black "dalmata"]
[Result "0-1"]
[WhiteElo "1281"]
[BlackElo "1563"]
[Opening "French: advance variation"]
[ECO "C02"]
[Time "14:03:28"]
[PlyCount "85"]
[TimeControl "2700+45"]

1. e4 e6 2. d4 d5 3. e5 c5 4. c3 Ne7 5. dxc5 Nf5 6. b4 Nc6 7. Nf3 Be7 8. Bd3 O-O
9. O-O d4 10. b5 Na5 11. Bxf5 exf5 12. cxd4 b6 13. c6 Be6 14. Ba3 Bxa3 15. Nxa3
a6 16. Qc2 Qe7 17. Qd3 axb5 18. d5 Rfd8 19. d6 Nxc6 20. Qxb5 Qb7 21. Nc2 Ra5 22.
Qe2 Bxa2 23. Ncd4 Nxd4 24. Nxd4 Be6 25. Rxa5 bxa5 26. Qb5 Qxb5 27. Nxb5 Bc4 28.
Nc7 Bxf1 29. Kxf1 g6 30. Ke2 a4 31. Nd5 a3 32. Nb4 Rb8 33. Na2 Rb5 34. f4 Rd5
35. Nc3 Rd4 36. Ke3 Rb4 37. Kd3 Rb3 38. Kc4 Rb7 39. Na2 Kf8 40. Nb4 Rxb4+ 41.
Kxb4 a2 42. d7 Ke7 43. e6 {White resigns} 0-1

[Event "Team 45 45 League T90"]
[Site "Internet Chess Club"]
[Date "2021.10.30"]
[Round "4"]
[White "Megasus"]
[Black "tamky70"]
[Result "1/2-1/2"]
[WhiteElo "1455"]
[BlackElo "1205"]
[Opening "King's Indian: East Indian defense"]
[ECO "A48"]
[Time "12:30:45"]
[PlyCount "147"]
[TimeControl "2700+45"]

1. Nf3 Nf6 2. d4 g6 3. e3 Bg7 4. Nbd2 O-O 5. b3 d5 6. Bb2 Nc6 7. a3 e6 8. h3 Bd7
9. c4 b6 10. Qc2 Qb8 11. Be2 Re8 12. Ne5 Qb7 13. Nxd7 Nxd7 14. O-O Nf6 15. Rfe1
Ne7 16. Bf3 Rac8 17. e4 Qb8 18. e5 Nd7 19. b4 c6 20. g4 b5 21. c5 Nf8 22. h4 h6
23. Kg2 Rc7 24. Be2 f5 25. f3 f4 26. Bd3 Kh8 27. Nf1 Qd8 28. Qf2 Nh7 29. Bc1 Rf8
30. Nh2 Rf7 31. Rh1 Nf8 32. Bd2 Nh7 33. Bc3 Kg8 34. Qc2 Nf8 35. Rag1 Nc8 36. g5
h5 37. Bd2 Ne7 38. Qc1 Nf5 39. Bxf5 Rxf5 40. Bxf4 Rcf7 41. Be3 Nd7 42. f4 Nf8
43. Nf1 Re7 44. Ng3 Rff7 45. Rf1 Qc8 46. Qc2 Qa6 47. Ra1 Qa4 48. Qd3 a5 49. Ne2
Kh7 50. Nc3 Qb3 51. Rhb1 Qc4 52. Qd2 a4 53. Rb2 Rf5 54. Rc1 Ref7 55. Ne2 Qxc1
56. Qxc1 Nd7 57. Ng3 Kg8 58. Nxf5 Rxf5 59. Kg3 Kf7 60. Rg2 Nf8 61. Kh3 Ke7 62.
Qc2 Kf7 63. Qxf5+ exf5 64. Kg3 Ne6 65. Bg1 Bf8 66. Re2 Be7 67. Bf2 Bd8 68. Be3
Ke7 69. Bf2 Kd7 70. Kf3 Bc7 71. Be3 Ke7 72. Kg3 Bb8 73. Kf3 Bc7 74. Kg3 {Game
drawn by mutual agreement} 1/2-1/2

[Event "Team 45 45 League T90"]
[Site "Internet Chess Club"]
[Date "2021.10.31"]
[Round "4"]
[White "primerpaso"]
[Black "ElValero"]
[Result "1/2-1/2"]
[WhiteElo "1904"]
[BlackElo "1651"]
[Opening "English opening"]
[ECO "A13"]
[Time "11:02:59"]
[PlyCount "46"]
[TimeControl "2700+45"]

1. c4 e6 2. Nc3 c5 3. g3 g6 4. Bg2 Bg7 5. Nf3 Nc6 6. O-O Nge7 7. b3 d5 8. cxd5
Nxd5 9. Bb2 O-O 10. Rc1 b6 11. d3 Bb7 12. Qd2 Rc8 13. Rfd1 Qd7 14. Nxd5 Qxd5 15.
Ng5 Qd8 16. Bxg7 Kxg7 17. a3 Ba8 18. Qb2+ Qd4 19. Qd2 Na5 20. Bxa8 Nxb3 21. Qc2
Nxc1 22. Bf3 Nxe2+ 23. Bxe2 b5 {Game drawn by mutual agreement} 1/2-1/2

[Event "Team 45 45 League T90"]
[Site "Internet Chess Club"]
[Date "2021.10.30"]
[Round "4"]
[White "kabindra"]
[Black "QuieroAprender"]
[Result "0-1"]
[WhiteElo "1636"]
[BlackElo "1618"]
[Opening "Bishop's opening/Petrov: Urusov gambit"]
[ECO "C24"]
[Time "15:04:04"]
[PlyCount "76"]
[TimeControl "2700+45"]

1. e4 e5 2. Bc4 Nf6 3. d4 exd4 4. Nf3 Bb4+ 5. c3 dxc3 6. bxc3 Bc5 7. e5 d5 8.
exf6 dxc4 9. Qxd8+ Kxd8 10. fxg7 Re8+ 11. Kf1 Ke7 12. Bh6 f6 13. Nbd2 Kf7 14.
Nxc4 Nc6 15. Nh4 Re4 16. f4 Rxc4 17. Re1 Be6 18. f5 Rxh4 19. fxe6+ Ke7 20. Bd2
Rg8 21. g3 Rh5 22. g4 Re5 23. Bh6 Kxe6 24. Kg2 Bd6 25. h4 Ne7 26. h5 Rxe1 27.
Rxe1+ Be5 28. Kf3 Rd8 29. Ke4 Bxc3 30. Re2 Be5 31. Rf2 Rd4+ 32. Kf3 Kf7 33. Rg2
Ng8 34. g5 Nxh6 35. gxh6 Kg8 36. Re2 a5 37. Re3 Rh4 38. Rd3 Rh3+ {White resigns}
0-1

[Event "Team 45 45 League T90"]
[Site "Internet Chess Club"]
[Date "2021.10.31"]
[Round "4"]
[White "Portola"]
[Black "julesraider"]
[Result "1-0"]
[WhiteElo "1744"]
[BlackElo "1527"]
[Opening "Queen's pawn game"]
[ECO "A45"]
[Time "17:00:21"]
[PlyCount "85"]
[TimeControl "2700+45"]

1. d4 Nf6 2. c3 b6 3. Nf3 Bb7 4. Bg5 e6 5. Nbd2 Be7 6. e3 d5 7. Bd3 Nbd7 8. Qe2
h6 9. Bh4 c5 10. Bxf6 Bxf6 11. a4 O-O 12. O-O e5 13. dxe5 Nxe5 14. Nxe5 Bxe5 15.
Nf3 Bc7 16. Rfd1 Re8 17. Qc2 Qf6 18. Be2 Rad8 19. Rd2 Rd6 20. Rad1 Red8 21. h3
a6 22. b4 Qe7 23. Qb2 Bb8 24. bxc5 bxc5 25. Rb1 R6d7 26. a5 Ba7 27. Qa3 f5 28.
Bd3 g6 29. Qa2 Kh7 30. Qb2 d4 31. cxd4 Bxf3 32. gxf3 cxd4 33. e4 Qh4 34. Kg2 Qf4
35. Qa2 fxe4 36. Bxe4 Qg5+ 37. Kh1 Kh8 38. Rg1 Qh4 39. Qe6 Bb8 40. Rxg6 Bf4 41.
Rd1 Qxf2 42. Qf6+ Kh7 43. Rg2# {Black checkmated} 1-0

[Event "Team 45 45 League T90"]
[Site "Internet Chess Club"]
[Date "2021.10.30"]
[Round "4"]
[White "fhunfi"]
[Black "Packerfan"]
[Result "0-1"]
[WhiteElo "1753"]
[BlackElo "1781"]
[Opening "Vienna: Falkbeer variation"]
[ECO "C26"]
[Time "10:00:43"]
[PlyCount "72"]
[TimeControl "2700+45"]

1. e4 e5 2. Nc3 Nf6 3. d4 exd4 4. Qxd4 Nc6 5. Qd3 d6 6. Bd2 Be7 7. O-O-O O-O 8.
f4 Nb4 9. Qe2 a5 10. h3 b6 11. g4 Bb7 12. Bg2 Nd7 13. Nf3 Bf6 14. Kb1 Re8 15.
Nh2 Nc5 16. e5 Bxg2 17. Qxg2 dxe5 18. Be3 Qe7 19. g5 Bxg5 20. fxg5 Ne6 21. a3
Na6 22. Nd5 Qf8 23. Ng4 c6 24. Nxb6 Rab8 25. Nd7 Qxa3 26. Nxb8 Rxb8 27. Bb6 Rxb6
28. Nf6+ Kh8 29. b3 Nb4 30. Qe4 gxf6 31. gxf6 Nxc2 32. Qxc2 Rxb3+ 33. Qxb3 Qxb3+
34. Kc1 Nd4 35. Rd2 Qc3+ 36. Kd1 Qa1# {White checkmated} 0-1

[Event "Team 45 45 League T90"]
[Site "Internet Chess Club"]
[Date "2021.11.01"]
[Round "4"]
[White "ivanson"]
[Black "MrAbendroth"]
[Result "1-0"]
[WhiteElo "1627"]
[BlackElo "1667"]
[Opening "French: Tarrasch, closed variation"]
[ECO "C05"]
[Time "14:00:33"]
[PlyCount "79"]
[TimeControl "2700+45"]

1. e4 e6 2. d4 d5 3. Nd2 Nf6 4. e5 Nfd7 5. Bd3 c5 6. c3 Nc6 7. Ne2 Be7 8. Nf3
O-O 9. O-O cxd4 10. cxd4 f5 11. exf6 Nxf6 12. Re1 Bd6 13. Bf4 Ng4 14. Bxd6 Qxd6
15. Ng3 Qf4 16. Ne2 Qh6 17. h3 Nf6 18. Ng3 Bd7 19. Bc2 Rae8 20. Ne5 Re7 21. Nxc6
bxc6 22. Nf5 exf5 23. Rxe7 f4 24. Qf3 Qg5 25. Rae1 Qh4 26. b4 g6 27. Bd3 Rb8 28.
a3 a5 29. b5 cxb5 30. Rxd7 b4 31. axb4 Rxb4 32. Ra7 a4 33. Rc1 Rb8 34. Rxa4 g5
35. Ra7 Rf8 36. Bb1 h5 37. Rcc7 g4 38. Rg7+ Kh8 39. Qxf4 Nh7 40. Rxh7+ {Black
resigns} 1-0

[Event "Team 45 45 League T90"]
[Site "Internet Chess Club"]
[Date "2021.10.28"]
[Round "4"]
[White "gduranko"]
[Black "manfredo"]
[Result "1-0"]
[WhiteElo "1436"]
[BlackElo "1467"]
[Opening "Grünfeld: Stockholm variation"]
[ECO "D80"]
[Time "18:00:41"]
[PlyCount "115"]
[TimeControl "2700+45"]

1. d4 Nf6 2. c4 g6 3. Nc3 d5 4. Bg5 Ne4 5. Nxe4 dxe4 6. e3 h6 7. Bh4 c5 8. Ne2
Bg7 9. Qa4+ Qd7 10. Qxd7+ Nxd7 11. O-O-O g5 12. Bg3 O-O 13. h4 Nb6 14. Nc3 Bg4
15. Rd2 cxd4 16. exd4 f5 17. hxg5 hxg5 18. Be5 Bxe5 19. dxe5 Rad8 20. Nd5 Nxd5
21. Rxd5 Rxd5 22. cxd5 Rc8+ 23. Kd2 Rc5 24. Ke3 Kg7 25. f3 exf3 26. gxf3 Rxd5
27. fxg4 Rxe5+ 28. Kd4 Re4+ 29. Kc3 Rxg4 30. Bd3 Rg3 31. Kd4 Kg6 32. Rh8 e5+ 33.
Kc4 e4 34. Bc2 Kg7 35. Re8 Rg2 36. Kc3 Rg3+ 37. Kd4 Rg2 38. Bb3 Rd2+ 39. Ke5 Rf2
40. Rg8+ Kh6 41. Kf6 Kh7 42. Rxg5 Kh6 43. Rxf5 Rxb2 44. Re5 Rf2+ 45. Ke6 Re2 46.
Kf5 e3 47. Kf4 Re1 48. Rxe3 Rxe3 49. Kxe3 Kg6 50. Kd4 Kf6 51. Kc5 Ke7 52. Bd5
b6+ 53. Kc6 Kd8 54. Kb7 Kd7 55. Kxa7 b5 56. Kb6 b4 57. Kb5 Kd6 58. Bb3 {Black
resigns} 1-0

[Event "Team 45 45 League T90"]
[Site "Internet Chess Club"]
[Date "2021.10.29"]
[Round "4"]
[White "manfredo"]
[Black "mongmong"]
[Result "1-0"]
[WhiteElo "1486"]
[BlackElo "1503"]
[Opening "French: advance, Nimzovich system"]
[ECO "C02"]
[Time "18:01:27"]
[PlyCount "35"]
[TimeControl "2700+45"]

1. e4 e6 2. d4 d5 3. e5 c5 4. Nf3 Nc6 5. Bd3 Qb6 6. O-O Bd7 7. Ng5 Nxd4 8. Qh5
g6 9. Qd1 h6 10. Nf3 O-O-O 11. Nxd4 cxd4 12. Qf3 Be8 13. Bxg6 fxg6 14. Qxf8 Qc7
15. Qf4 Qxc2 16. Qxd4 Kb8 17. Na3 Rc8 18. Nxc2 {Black resigns} 1-0

[Event "Team 45 45 League T90"]
[Site "Internet Chess Club"]
[Date "2021.11.02"]
[Round "4"]
[White "tamky70"]
[Black "Conjurer"]
[Result "0-1"]
[WhiteElo "1186"]
[BlackElo "1169"]
[Opening "Réti opening"]
[ECO "A04"]
[Time "12:11:16"]
[PlyCount "182"]
[TimeControl "2700+45"]

1. Nf3 g6 2. d4 Bg7 3. Nbd2 d6 4. h3 e5 5. e3 Nc6 6. d5 Nb4 7. c4 Bf5 8. e4 Bd7
9. a3 Na6 10. Be2 Nf6 11. O-O O-O 12. b3 c6 13. Bb2 cxd5 14. cxd5 Nc5 15. Ng5
Rc8 16. Re1 h6 17. Ngf3 Ncxe4 18. Nxe4 Nxe4 19. Bc4 Ng5 20. Nxg5 Qxg5 21. Bc1
Qf5 22. Bd3 Qf6 23. Bb2 Rfe8 24. Be4 Qh4 25. Qd3 f5 26. g3 fxe4 27. Qe3 Qxh3 28.
Qxe4 Bf5 29. Qg2 Rc2 30. Qxh3 Bxh3 31. Bc1 e4 32. Rb1 Bd4 33. Be3 Bxe3 34. Rxe3
Re5 35. Rbe1 Rxd5 36. Rxe4 Rf5 37. Re8+ Rf8 38. R8e2 Rxe2 39. Rxe2 Bg4 40. Rd2
Rf6 41. Rd4 Bf3 42. b4 a6 43. Kf1 Kf7 44. Rd3 b5 45. Kg1 d5 46. Kf1 Rf5 47. Rd2
Ke6 48. Rd3 Be4 49. Re3 Ke5 50. f4+ Kd4 51. Kf2 Rh5 52. Rb3 Rh2+ 53. Ke1 Bc2 54.
Rf3 Ke4 55. Rc3 d4 56. Rc7 Kf3 57. f5 Rh1+ 58. Kd2 d3 59. fxg6 Rh2+ 60. Kc3 d2
61. Kxc2 Ke2 62. Re7+ Kf1 63. g7 Re2 64. Rd7 Re8 65. Kxd2 Rg8 66. Rd3 Rxg7 67.
Kc3 Rg6 68. Kc2 Kg2 69. g4 Rc6+ 70. Kb3 Rg6 71. a4 Rxg4 72. axb5 axb5 73. Rd5
Rg5 74. Rd2+ Kf3 75. Rd3+ Ke2 76. Rh3 h5 77. Rh4 Rg3+ 78. Kb2 Rg5 79. Kc3 Rd5
80. Rh2+ Kf3 81. Rh1 Kg2 82. Rh4 Kg3 83. Re4 h4 84. Re3+ Kg2 85. Re2+ Kf3 86.
Re8 Rh5 87. Rf8+ Ke3 88. Rc8 h3 89. Rc5 Rxc5+ 90. bxc5 h2 91. c6 h1=Q {White
resigns} 0-1

[Event "Team 45 45 League T90"]
[Site "Internet Chess Club"]
[Date "2021.10.30"]
[Round "4"]
[White "howah45"]
[Black "dwmt"]
[Result "0-1"]
[WhiteElo "1174"]
[BlackElo "1156"]
[Opening "Scandinavian (center counter) defense"]
[ECO "B01"]
[Time "19:01:17"]
[PlyCount "30"]
[TimeControl "2700+45"]

1. e4 d5 2. exd5 Qxd5 3. Nc3 Qe5+ 4. Qe2 Qxe2+ 5. Bxe2 e6 6. Nf3 Nf6 7. Bc4 a6
8. d3 Bc5 9. Be3 Bxe3 10. fxe3 Nbd7 11. O-O-O Ng4 12. Rhf1 Nxe3 13. Rde1 Nxf1
14. Rxf1 O-O 15. d4 Nf6 {White resigns} 0-1

[Event "Team 45 45 League T90"]
[Site "Internet Chess Club"]
[Date "2021.11.02"]
[Round "4"]
[White "DaveTheRook"]
[Black "seattleblues"]
[Result "1/2-1/2"]
[WhiteElo "1401"]
[BlackElo "1349"]
[Opening "Réti opening"]
[ECO "A05"]
[Time "19:08:31"]
[PlyCount "66"]
[TimeControl "2700+45"]

1. Nf3 Nf6 2. g3 c6 3. Bg2 d5 4. d3 Bf5 5. O-O e6 6. Nbd2 Bd6 7. Nh4 Bg4 8. Re1
Nbd7 9. c3 Rc8 10. Nhf3 O-O 11. Qc2 c5 12. e4 dxe4 13. dxe4 Bc7 14. Nf1 Bxf3 15.
Bxf3 Ne5 16. Bg2 Qe7 17. Ne3 Rfd8 18. Rd1 Bb6 19. c4 Rc6 20. b3 Rcd6 21. Bb2
Rxd1+ 22. Rxd1 Rxd1+ 23. Qxd1 Bc7 24. f4 Ng6 25. e5 Ne8 26. Bc3 b6 27. Bc6 Kf8
28. Qd2 Bb8 29. b4 Qc7 30. b5 Ne7 31. Bf3 g6 32. Kf2 Ng7 33. a4 Ngf5 {Game drawn
by mutual agreement} 1/2-1/2

[Event "Team 45 45 League T90"]
[Site "Internet Chess Club"]
[Date "2021.10.28"]
[Round "4"]
[White "trogers41"]
[Black "piirimae"]
[Result "1-0"]
[WhiteElo "1355"]
[BlackElo "1280"]
[Opening "French: advance variation"]
[ECO "C02"]
[Time "13:05:58"]
[PlyCount "51"]
[TimeControl "2700+45"]

1. e4 e6 2. d4 d5 3. e5 c5 4. c3 cxd4 5. cxd4 Ne7 6. Nf3 Ng6 7. Be2 Bb4+ 8. Kf1
O-O 9. Bg5 Be7 10. h4 h6 11. Bxe7 Qxe7 12. Qd2 Qc7 13. g4 f6 14. h5 Ne7 15. Nc3
fxe5 16. Nxe5 Nbc6 17. g5 Nf5 18. gxh6 Ng3+ 19. Kg2 Nxh1 20. Rxh1 gxh6 21. Rh3
Nxe5 22. Qxh6 Nf7 23. Qg6+ Kh8 24. Rg3 Nd6 25. Qh6+ Qh7 26. Qxf8+ {Black
resigns} 1-0

[Event "Team 45 45 League T90"]
[Site "Internet Chess Club"]
[Date "2021.10.29"]
[Round "4"]
[White "smsxman"]
[Black "Visin"]
[Result "1/2-1/2"]
[WhiteElo "1280"]
[BlackElo "1221"]
[Opening "Ruy Lopez: exchange variation"]
[ECO "C68"]
[Time "12:00:18"]
[PlyCount "132"]
[TimeControl "2700+45"]

1. e4 e5 2. Nf3 Nc6 3. Bb5 a6 4. Bxc6 dxc6 5. Nxe5 Qe7 6. d4 f6 7. Qh5+ g6 8.
Nxg6 Qxe4+ 9. Qe2 Qxe2+ 10. Kxe2 hxg6 11. Be3 Bf5 12. c3 Bxb1 13. Raxb1 O-O-O
14. Rhe1 Rxh2 15. Kf3 Bd6 16. g3 Ne7 17. a3 Rhh8 18. Rh1 Nd5 19. Bd2 c5 20. c4
Ne7 21. d5 c6 22. Bc3 Be5 23. Rhe1 Bxc3 24. Rxe7 Be5 25. Ke4 cxd5+ 26. cxd5 Rd7
27. Rxd7 Kxd7 28. f4 Bc7 29. b4 cxb4 30. Rxb4 b6 31. a4 Re8+ 32. Kd4 f5 33. Kd3
Kd6 34. Rc4 Kd7 35. Rc6 Re4 36. a5 b5 37. Rxa6 b4 38. Rxg6 Bxa5 39. Rf6 Re1 40.
Rxf5 Rg1 41. Rg5 Rg2 42. Kc4 Rb2 43. Rg7+ Ke8 44. Ra7 Rc2+ 45. Kb5 Bd8 46. Kxb4
Rg2 47. Rg7 Bb6 48. g4 Re2 49. Kb5 Bd4 50. Rg6 Kf7 51. f5 Rc2 52. d6 Rc8 53. g5
Be3 54. Rf6+ Kg7 55. Rg6+ Kf7 56. d7 Rc5+ 57. Kb4 Rd5 58. Rf6+ Ke7 59. Re6+ Kxd7
60. Rxe3 Rxf5 61. Rg3 Ke7 62. Kc4 Kf7 63. g6+ Kg7 64. Kd4 Rf6 65. Ke5 Rxg6 66.
Rxg6+ Kxg6 {Game drawn because neither player has mating material} 1/2-1/2

[Event "Team 45 45 League T90"]
[Site "Internet Chess Club"]
[Date "2021.10.29"]
[Round "4"]
[White "Pawnchain"]
[Black "burlap"]
[Result "0-1"]
[WhiteElo "1318"]
[BlackElo "1078"]
[Opening "French: advance, Milner-Barry gambit"]
[ECO "C02"]
[Time "09:00:40"]
[PlyCount "47"]
[TimeControl "2700+45"]

1. e4 e6 2. d4 d5 3. e5 c5 4. c3 Nc6 5. Nf3 Qb6 6. Bd3 cxd4 7. cxd4 Bd7 8. Nbd2
Nxd4 9. Nxd4 Qxd4 10. Nf3 Qb6 11. O-O Bc5 12. Ng5 Ne7 13. Be3 Bxe3 14. Nxf7 Kxf7
15. Qf3+ Ke8 16. fxe3 Rc8 17. Qf7+ Kd8 18. Qxg7 Qxe3+ 19. Kh1 Rg8 20. Rf8+ Rxf8
21. Qxf8+ Be8 22. Bb5 Rc1+ 23. Rxc1 Qxc1+ 24. Bf1 {White resigns} 0-1

[Event "Team 45 45 League T90"]
[Site "Internet Chess Club"]
[Date "2021.10.28"]
[Round "4"]
[White "julesraider"]
[Black "Kingofknights"]
[Result "1-0"]
[WhiteElo "1552"]
[BlackElo "1501"]
[Opening "QGD Slav defense"]
[ECO "D10"]
[Time "16:00:19"]
[PlyCount "55"]
[TimeControl "2700+45"]

1. d4 d5 2. c4 c6 3. g3 Nf6 4. Nf3 dxc4 5. Bg2 Bf5 6. Nc3 e6 7. O-O Na6 8. a3
Be7 9. Ne5 O-O 10. Nxc4 Nc7 11. Re1 Ncd5 12. Bg5 Nxc3 13. bxc3 Ne4 14. Bxe7 Qxe7
15. Qc1 Rab8 16. Qe3 Nd6 17. Nd2 Bg6 18. c4 Nf5 19. Qc3 Qd7 20. e3 b6 21. Nf3 c5
22. Ne5 Qd6 23. dxc5 bxc5 24. Red1 Qa6 25. Nd7 Nd6 26. Nxb8 Rxb8 27. Qe5 Rd8 28.
Qxc5 {Black resigns} 1-0

[Event "Team 45 45 League T90"]
[Site "Internet Chess Club"]
[Date "2021.10.28"]
[Round "4"]
[White "MartyJR"]
[Black "olivermx"]
[Result "1-0"]
[WhiteElo "1436"]
[BlackElo "1321"]
[Opening "QGA: 4...e6"]
[ECO "D26"]
[Time "21:14:18"]
[PlyCount "73"]
[TimeControl "2700+45"]

1. d4 d5 2. c4 dxc4 3. Nf3 Nf6 4. e3 e6 5. Bxc4 a6 6. Nc3 Nbd7 7. O-O b5 8. Bd3
Bb7 9. Re1 c5 10. a3 Be7 11. b4 cxb4 12. axb4 Bxb4 13. Qb3 Nd5 14. Bb2 Rc8 15.
Rec1 Be7 16. e4 Nf4 17. Bf1 O-O 18. Rd1 Nb6 19. g3 Ng6 20. Bg2 Nc4 21. d5 exd5
22. Nxd5 Bxd5 23. Rxd5 Qb6 24. Bd4 Qb7 25. Rd1 Rfd8 26. Ba1 Rxd5 27. exd5 Bd6
28. Ng5 f5 29. Ne6 Nge5 30. Qb1 g6 31. Bd4 Re8 32. Qa1 a5 33. Bxe5 Bxe5 34. Qa2
Rxe6 35. dxe6 Qe7 36. Bd5 Qc5 37. e7+ {Black resigns} 1-0

[Event "Team 45 45 League T90"]
[Site "Internet Chess Club"]
[Date "2021.11.01"]
[Round "4"]
[White "Andaluz"]
[Black "WzeroMN"]
[Result "1-0"]
[WhiteElo "1303"]
[BlackElo "1082"]
[Opening "King's pawn game"]
[ECO "C50"]
[Time "14:02:01"]
[PlyCount "89"]
[TimeControl "2700+45"]

1. e4 e5 2. Nf3 Nc6 3. Bc4 Qe7 4. Nc3 d6 5. Nd5 Qd7 6. h3 Na5 7. Be2 Nf6 8.
Nxf6+ gxf6 9. d4 d5 10. exd5 Qxd5 11. dxe5 Qxd1+ 12. Bxd1 Be7 13. exf6 Bxf6 14.
Be2 Be6 15. c3 O-O-O 16. Bg5 Bxg5 17. Nxg5 Bc4 18. Bxc4 Nxc4 19. O-O Nd6 20.
Rfe1 h6 21. Nf3 Rhe8 22. Kf1 Rxe1+ 23. Rxe1 Re8 24. Rxe8+ Nxe8 25. Ne5 f6 26.
Nf3 Kd7 27. Ke2 Nd6 28. Kd3 Kc6 29. g4 Kc5 30. b3 b5 31. Nd2 b4 32. c4 f5 33. f3
fxg4 34. fxg4 Nf7 35. Ne4+ Kc6 36. Kd4 Ng5 37. Nxg5 hxg5 38. Ke5 Kd7 39. Kf5 Ke7
40. Kxg5 Kf7 41. Kf5 Kg7 42. h4 Kh6 43. h5 c5 44. Ke5 Kg5 45. Kd5 {Black
resigns} 1-0

[Event "Team 45 45 League T90"]
[Site "Internet Chess Club"]
[Date "2021.10.30"]
[Round "4"]
[White "oldbookseller"]
[Black "kabubi"]
[Result "0-1"]
[WhiteElo "877"]
[BlackElo "1149"]
[Opening "Queen's Indian defense"]
[ECO "A47"]
[Time "12:30:32"]
[PlyCount "64"]
[TimeControl "2700+45"]

1. d4 Nf6 2. Nf3 b6 3. e3 Bb7 4. Nbd2 e6 5. Bd3 d5 6. b3 c5 7. Bb2 Be7 8. Kf1
O-O 9. c4 Nc6 10. a3 a6 11. e4 Qc7 12. e5 Ne8 13. Qe2 f5 14. Qe3 f4 15. Qe2 Qd8
16. Ne4 dxe4 17. Qxe4 g6 18. Bc1 Na5 19. Qxb7 Nxb7 20. Be4 Rb8 21. g3 cxd4 22.
gxf4 Nc5 23. Bxg6 hxg6 24. Kg1 Ne4 25. h4 Ng7 26. Rh3 d3 27. f5 exf5 28. Bh6 d2
29. Nxd2 Qxd2 30. Bxg7 Kxg7 31. h5 Qxf2+ 32. Kh1 Ng3+ {White resigns} 0-1

[Event "Team 45 45 League T90"]
[Site "Internet Chess Club"]
[Date "2021.10.30"]
[Round "4"]
[White "rookmaster23"]
[Black "VictorRed"]
[Result "0-1"]
[WhiteElo "1614"]
[BlackElo "1647"]
[Opening "Philidor's defense"]
[ECO "C41"]
[Time "22:01:19"]
[PlyCount "128"]
[TimeControl "2700+45"]

1. e4 e5 2. Nf3 d6 3. d4 Bg4 4. dxe5 Bxf3 5. Qxf3 dxe5 6. Bc4 Nf6 7. Qb3 Qd7 8.
Qxb7 Bc5 9. Qxa8 O-O 10. Qb7 Qd4 11. Bxf7+ Kxf7 12. Be3 Qxe4 13. Qxe4 Nxe4 14.
Bxc5 Nxc5 15. Nc3 c6 16. Rd1 Ke6 17. O-O Nba6 18. a3 Nc7 19. Rfe1 Nd5 20. Ne4
Nxe4 21. Rxe4 Kf5 22. Rc4 Rf6 23. Ra4 Rf7 24. Rd3 Rb7 25. b3 Nf4 26. Rf3 Rd7 27.
h3 e4 28. Ra5+ Rd5 29. Rxd5+ cxd5 30. Re3 d4 31. Re1 Nd5 32. Rd1 Ke5 33. b4 Nc3
34. Re1 Kd5 35. Kh2 d3 36. cxd3 exd3 37. Re8 Kc4 38. Rd8 Nd5 39. Rc8+ Kd4 40.
Rc1 d2 41. Rd1 Kd3 42. Kg3 Nc3 43. Rxd2+ Kxd2 44. Kf4 Kd3 45. Ke5 Nb5 46. Ke6
Nxa3 47. Kf7 Nc2 48. Kxg7 Nxb4 49. Kxh7 a5 50. g4 Nd5 51. g5 Ne7 52. Kg7 a4 53.
Kf7 Nf5 54. Kf6 Ke4 55. f3+ Kf4 56. g6 a3 57. g7 Nxg7 58. Kxg7 a2 59. h4 a1=Q+
60. Kg6 Kxf3 61. h5 Qh8 62. h6 Kg4 63. h7 Kh4 64. Kh6 Qf6# {White checkmated}
0-1